 Dungeon Crawl Stone Soup version 0.29-a0-506-ga2e7fffb44 (webtiles) character file.

Game seed: 2682031797439456997

9 RustandSilver the Skirmisher (level 2, 0/24 HPs)
             Began as a Demonspawn Cinder Acolyte on May 29, 2022.
             Was a High Priest of Ignis.
             Slain by a quokka (2 damage)
             ... on level 1 of the Dungeon.
             The game lasted 00:01:56 (237 turns).

RustandSilver the Skirmisher (DsCA)                  Turns: 237, Time: 00:01:56

Health: 0/24       AC:  2    Str: 14    XL:     2   Next: 3%
Magic:  3/3        EV: 11    Int: 15    God:    Ignis [*****.]
Gold:   48         SH:  0    Dex:  8    Spells: 3/3 levels left

rFire   + . .      SeeInvis .   a - -1 short sword (flame)
rCold   . . .      Faith    .   (no shield)
rNeg    . . .      Spirit   .   b - +0 robe
rPois   .          Reflect  .   (no helmet)
rElec   .          Harm     .   (no cloak)
rCorr   .          Rampage  .   (no gloves)
Will    .....                   (no boots)
Stlth   +.........              (no amulet)
HPRegen 0.08/turn               (no ring)
MPRegen 0.08/turn               (no ring)

@: no status effects
A: foul stench 1
a: Renounce Religion, Fiery Armour, Foxfire Swarm, Rising Flame


You were on level 1 of the Dungeon.
You worshipped Ignis.
Ignis was extremely pleased with you.
You visited 1 branch of the dungeon, and saw 1 of its levels.

You collected 48 gold pieces.

Inventory:

Hand Weapons
 a - a -1 short sword of flaming (weapon)
Armour
 b - a +0 robe (worn)
Potions
 d - a potion of heal wounds {unknown}
 f - 2 potions of curing {unknown}


   Skills:
 + Level 3.2 Fighting
 + Level 3.0 Short Blades
 + Level 1.0 Spellcasting
 + Level 2.6 Fire Magic


You had 3 spell levels left.
You didn't know any spells.
Your spell library contained the following spells:

 Spells                   Type           Power      Damage    Failure   Level
 Scorch                   Fire           16%        2d5       12%         2
 Static Discharge         Conj/Air       0%         N/A       36%         2
 Lightning Bolt           Conj/Air       0%         1d11      100%        5
 Maxwell's Capacitive Co  Air            0%         ∞         100%        8


Dungeon Overview and Level Annotations

Branches:
Dungeon (1/15)

Altars:


Innate Abilities, Weirdness & Mutations

You may rarely emit foul miasma when damaged in melee.


Message History

The air around you briefly surges with heat, but it dissipates.
It was a scroll of immolation.
A goblin comes into view. It is wielding a +0 dagger.
The goblin shouts!
Found 9 gold pieces.
The goblin barely misses you.
A rat comes into view.
You hit the goblin. You burn the goblin.
The goblin is severely wounded.
A quokka comes into view.
The goblin hits you with a +0 dagger.
You barely miss the goblin.
The goblin is severely wounded.
The goblin closely misses you.
You hit the goblin. You burn the goblin.
You kill the goblin!
You have reached level 2!
Your demonic ancestry asserts itself...
You begin to emit a foul stench of rot and decay.
Found 4 gold pieces.
Things that are here:
a +0 dagger; a goblin corpse The rat misses you.
You barely miss the rat. The quokka bites you. The rat bites you.
* * * LOW HITPOINT WARNING * * *
You hit the rat. You burn the rat.
You kill the rat!
The quokka closely misses you.
You closely miss the quokka. The quokka closely misses you.
The quokka completely misses you.
You barely miss the quokka. The quokka barely misses you.
You hit the quokka but do no damage. The quokka misses you.
You hit the quokka but do no damage. The quokka bites you.
* * * LOW HITPOINT WARNING * * *
You hit the quokka. You burn the quokka.
The quokka is heavily wounded.
The quokka bites you but does no damage.
You miss the quokka.
The quokka is heavily wounded.
The quokka bites you.
You die...

#.# ##### #.# .....
#####.###..... ## ###
... .......... .###.#
#.# #......... ...#.#
#.# #.........
.....######.###.r.....$.
...............)@.......
......##.##..##.##......
.###.###.##..##.# .....
.###.# #.##..##.# ....
...... ........$# ... #
.#######......... ## #
.# #.#...#### # ###
#.###.# .......# # #..
#......# #


You could see a quokka.

Vanquished Creatures
  2 goblins (D:1)
  A hobgoblin (D:1)
  A kobold (D:1)
  A quokka (D:1)
  A ball python (D:1)
  A bat (D:1)
  2 rats (D:1)
9 creatures vanquished.

Notes
Turn   | Place    | Note
-------+----------+-------------------------------------------
     0 | D:1      | RustandSilver the Demonspawn Cinder Acolyte began the quest
                  | for the Orb.
     0 | D:1      | Reached XP level 1. HP: 18/18 MP: 2/2
   228 | D:1      | Gained mutation: You may rarely emit foul miasma when
                  | damaged in melee. [demonic ancestry]
   228 | D:1      | Reached XP level 2. HP: 8/24 MP: 3/3
   237 | D:1      | Slain by a quokka

Illustrated notes

Levels and vault maps discovered:
D:1:      ebering_hopf_link, layout_basic

Skill      XL: |  1 |
---------------+----+-----
Short Blades   | 3 |  3.0
Fighting       | |  3.2
Spellcasting   | |  1.0
Fire Magic     | |  2.6

Action                   || total
-------------------------++-------
Melee: Short sword       ||    27
  Use: Scroll            ||     2
       Potion            ||     1
Armor: Robe              ||     6
Dodge: Dodged            ||    24

Table legend: (Time is in decaauts)
 A = Elapsed time spent in this place.
 B = Non-inter-level travel time spent in this place.
 C = Inter-level travel time spent in this place.
 D = Time resting spent in this place.
 E = Time spent auto-exploring this place.
 F = Levels seen in this place.
 G = Mean time per level.
                   A        B        C        D        E       F      G
               +--------+--------+--------+--------+--------+-----+--------+
         Total |    235 |    235 |      0 |      0 |      0 |   1 |  235.0 |
       Dungeon |    235 |    235 |      0 |      0 |      0 |   1 |  235.0 |
               +--------+--------+--------+--------+--------+-----+--------+

Top non-repeatable levels by time:
     D:1: 235 daAuts
